 Dungeon Crawl Stone Soup version 0.22.1-1-ga44c0e5 (webtiles) character file.

68 nightchill the Ruffian (level 4, -12/37 (38) HPs)
             Began as a Ghoul Warper on Oct 31, 2018.
             Mangled by an orc warrior
             ... wielding a +0 mace
              (13 damage)
             ... on level 2 of the Dungeon.
             The game lasted 00:03:22 (1007 turns).

nightchill the Ruffian (Ghoul Warper)               Turns: 1007, Time: 00:03:23

HP:   -12/37 (38)   AC:  3    Str: 15    XL:     4   Next: 19%
MP:   5/5           EV: 11    Int:  8    God:
Gold: 42            SH:  0    Dex:  8    Spells: 4/6 levels left

rFire    . . .     SeeInvis .     - Unarmed
rCold    + . .     Gourm    .   (no shield)
rNeg     + + +     Faith    .   a - +0 leather armour
rPois    ∞         Spirit   .   (no helmet)
rElec    .         Reflect  .   (no cloak)
rCorr    .         Harm     .   (no gloves)
MR       .....                  (no boots)
Stlth    +.........             (no amulet)
HPRegen  0.00/turn              (no ring)
MPRegen  0.09/turn              (no ring)

@: rotting
A: rotting body, claws 1, carnivore, cold resistance 1, negative energy
resistance 3, inhibited regeneration, torment resistance, unbreathing
a: no special abilities


You were on level 2 of the Dungeon.
You were not hungry.

You visited 1 branch of the dungeon, and saw 2 of its levels.

You collected 42 gold pieces.

Inventory:

Hand Weapons
 b - a +0 hunting sling
 g - a +0 hand axe
Missiles
 d - 5 tomahawks of dispersal (quivered)
 e - 84 stones
 k - 15 sling bullets
Armour
 a - a +0 leather armour (worn)
Scrolls
 c - a scroll of blinking
 j - 3 scrolls of identify {unknown}
Potions
 h - a potion of haste {unknown}
 i - a potion of magic {unknown}
Comestibles
 f - 2 rations


   Skills:
 + Level 3.2 Fighting
 - Level 0.8 Throwing
 - Level 0.8 Armour
 - Level 1.7 Dodging
 * Level 4.1 Unarmed Combat
 - Level 1.7 Spellcasting
 - Level 2.6 Translocations


You had 4 spell levels left.
You knew the following spells:

 Your Spells              Type           Power        Failure   Level  Hunger
a - Blink                 Tloc           N/A          22%         2    ###....

Your spell library contained the following spells:

 Spells                   Type           Power        Failure   Level  Hunger
 Shroud of Golubria       Chrm/Tloc      #.........   36%         2    ###....
 Gell's Gravitas          Tloc           #.........   41%         3    ####...
 Lesser Beckoning         Tloc           #.........   41%         3    ####...
 Teleport Other           Tloc           #.......     41%         3    ####...
 Passage of Golubria      Tloc           N/A          83%         4    #####..


Dungeon Overview and Level Annotations

Branches:
Dungeon (2/15)

Altars:


Innate Abilities, Weirdness & Mutations

Your body is rotting away.
You thrive on raw meat.
You are immune to poison.
You have sharp fingernails.
You are carnivorous and can eat meat at any time.
Your flesh is cold resistant. (rC+)
You are immune to negative energy. (rN+++)
You do not regenerate when monsters are visible.
You are immune to unholy pain and torment.
You can survive without breathing.


Message History

You closely miss the orc.
The orc is lightly wounded.
The orc closely misses you.
You closely miss the orc.
The orc is lightly wounded.
The orc hits you with a short sword.
You scratch the orc.
You kill the orc!
You scratch the orc warrior.
The orc warrior is lightly wounded.
The orc warrior hits you with a mace!
You scratch the orc warrior.
The orc warrior is lightly wounded.
The orc warrior hits you with a mace!!
Ouch! That really hurt!
* * * LOW HITPOINT WARNING * * *
A goblin comes into view. It is wielding a dagger.
The goblin shouts!
The orc warrior hits you with a mace!
You die...

#P.♣♣. ### #.♣P.
..<#.P. #.#.P# #.)..#
#.#### # #.K..♣♣♣♣ ♣♣♣
. ####o♣.P♣♣♣♣♣.♣## .
###.@..........# .
#...♣♣♣♣♣♣.♣P♣.####♣P
#....♣ ♣♣♣♣♣......♣
#..>... #..#####.#
.g...<.... ##........#
..##.......
........### ?
......... .#.#>#.#..##
##.........
...........
#..........###.###..#.


You could see an orc warrior, a goblin and a kobold.

Vanquished Creatures
  2 adders (D:2)
  3 oozes (D:1)
  A dart slug (D:1)
  3 leopard geckos
  An orc (D:2)
  6 goblins (D:1)
  2 hobgoblins (D:1)
  6 kobolds (D:1)
  2 bats (D:1)
  2 frilled lizards (D:1)
  5 rats (D:1)
33 creatures vanquished.

Notes
Turn   | Place    | Note
-------+----------+-------------------------------------------
     0 | D:1      | nightchill the Ghoul Warper began the quest for the Orb.
     0 | D:1      | Reached XP level 1. HP: 17/17 MP: 2/2
   131 | D:1      | Reached XP level 2. HP: 10/25 MP: 3/3
   137 | D:1      | Reached skill level 3 in Unarmed Combat
   148 | D:1      | Learned a level 2 spell: Blink
   275 | D:1      | Reached XP level 3. HP: 29/29 MP: 4/4
   878 | D:2      | Reached skill level 4 in Unarmed Combat
   878 | D:2      | Reached XP level 4. HP: 38/38 MP: 5/5
   996 | D:2      | Noticed an orc warrior
  1002 | D:2      | HP: 1/37 [orc warrior/mace (20)]
  1007 | D:2      | Mangled by an orc warrior

Skill      XL: |  1  2  3 |
---------------+----------+-----
Unarmed Combat | 3 4 |  4.1
Fighting       | 3 |  3.2
Throwing       | |  0.8
Armour         | |  0.8
Dodging        | |  1.7
Spellcasting   | |  1.7
Translocations | |  2.6

Action                   |  1- 3 |  4- 6 || total
-------------------------+-------+-------++-------
Melee: Unarmed           |    85 |    13 ||    98
       Punch             |       |     1 ||     1
  Eat: Chunk             |    18 |       ||    18
Armor: Leather armour    |    20 |       ||    20
Dodge: Dodged            |    46 |     6 ||    52
